 Dungeon Crawl Stone Soup version 0.28.0-53-g5a82cb258f (webtiles) character file.

Game seed: 6567624679039279535

335 quixfox the Chopper (level 6, -5/56 HPs)
             Began as a Minotaur Fighter on July 12, 2022.
             Slain by a gnoll sergeant
             ... wielding a +0 spear
              (11 damage)
             ... on level 4 of the Dungeon.
             The game lasted 00:03:38 (2758 turns).

quixfox the Chopper (Minotaur Fighter)              Turns: 2758, Time: 00:03:39

Health: -5/56      AC:  8    Str: 23    XL:     6   Next: 28%
Magic:  5/5        EV:  9    Int:  5    God:
Gold:   108        SH:  4    Dex:  9    Spells: 5/5 levels left

rFire   . . .      SeeInvis .   a - +0 war axe
rCold   + . .      Faith    .   c - +0 buckler
rNeg    . . .      Spirit   .   b - +0 scale mail
rPois   .          Reflect  .   (helmet restricted)
rElec   .          Harm     .   (no cloak)
rCorr   .          Rampage  .   (no gloves)
Will    .....                   k - +0 pair of boots
Stlth   ..........              (no amulet)
HPRegen 0.18/turn               i - ring of protection from cold
MPRegen 0.09/turn               (no ring)

@: no status effects
A: horns 2, retaliatory headbutt
a: no special abilities


You were on level 4 of the Dungeon.
You visited 1 branch of the dungeon, and saw 4 of its levels.

You collected 108 gold pieces.

Inventory:

Hand Weapons
 a - a +0 war axe (weapon)
Armour
 b - a +0 scale mail (worn)
 c - a +0 buckler (worn)
 k - a +0 pair of boots (worn)
Jewellery
 i - a ring of protection from cold (left hand)
Wands
 n - a wand of digging (5)
Scrolls
 g - a scroll of summoning {unknown}
 h - a scroll of magic mapping {unknown}
 j - a scroll of identify {unknown}
 m - a scroll of noise {unknown}
 p - a scroll of teleportation {unknown}
 q - a scroll of holy word {unknown}
 s - a scroll of enchant weapon {unknown}
Potions
 d - a potion of haste {unknown}
 e - a potion of degeneration {unknown}
 f - 2 potions of curing {unknown}
 o - a potion of brilliance {unknown}
 r - a potion of lignification {unknown}
 t - a potion of attraction {unknown}


   Skills:
 + Level 5.2 Fighting
 * Level 5.9 Axes
 + Level 5.3 Armour
 - Level 3.6 Shields


You had 5 spell levels left.
You didn't know any spells.
Your spell library contained the following spells:

 Spells                   Type           Power      Damage    Failure   Level
 Summon Small Mammal      Summ           0%         N/A       86%         1
 Call Canine Familiar     Summ           0%         N/A       99%         3
 Summon Guardian Golem    Hex/Summ       0%         N/A       99%         3


Dungeon Overview and Level Annotations

Branches:
Dungeon (4/15)
 Temple: D:4-7

Altars:
Elyvilon
Makhleb


Innate Abilities, Weirdness & Mutations

You have a pair of horns on your head.
You reflexively headbutt those who attack you in melee.


Message History

A gnoll sergeant comes into view. It is wielding a +0 spear.
The gnoll sergeant shouts!
You hear a shout! 2 gnolls come into view.
The gnoll shouts!
A gnoll comes into view. It is wielding a +0 hand axe.
A gnoll comes into view. It is wielding a +0 whip.
The gnoll shouts!
You hear a shout!
The gnoll sergeant hits you with a +0 spear.
You see here a +0 flail.
The gnoll shouts!
You slash the gnoll sergeant!
The gnoll sergeant is heavily wounded.
The gnoll sergeant blocks your attack.
Your headbutt misses the gnoll sergeant.
The gnoll sergeant is heavily wounded.
The gnoll hits you but does no damage. The gnoll sergeant barely misses you.
You furiously retaliate!
You headbutt the gnoll sergeant! You hit the gnoll sergeant.
Your headbutt misses the gnoll sergeant.
The gnoll sergeant is almost dead.
You barely miss the gnoll. The gnoll hits you but does no damage.
The gnoll hits you with a +0 club. You block the gnoll sergeant's attack.
The gnoll barely misses you.
A gnoll shaman comes into view. It is wielding a +0 club.
The gnoll sergeant hits you from afar with a +0 spear.
The gnoll sergeant hits you from afar with a +0 spear.
Found a ring mail.
The gnoll barely misses you. The gnoll hits you but does no damage.
Things that are here:
a +0 club; 5 stones The gnoll hits you from afar with a +0 spear.
The gnoll sergeant hits you from afar with a +0 spear.
The gnoll hits you but does no damage. The gnoll hits you with a +0 spear!
* * * LOW HITPOINT WARNING * * *
There is a stone staircase leading up, spattered with blood here.
The gnoll hits you with a +0 club.
* * * LOW HITPOINT WARNING * * *
The gnoll sergeant hits you from afar with a +0 spear!
You die...

.... .g) ..) ♣g♣
.# ♣.♣ .### #.##
... #..# #..##
#####.######....#
#.@.#.).)......$
#gggg...)###.##.
#.)gg.#..)...#
##...##.######
##.......#
#..#####..#
###..# ##..#
#..>.# #..#
###### #...


You could see a gnoll sergeant and 5 gnolls.

Vanquished Creatures
  Grinder (D:3)
  2 adders
  7 gnolls
  An adder skeleton (D:4)
  A worm (D:2)
  3 dart slugs
  An orc (D:3)
  5 ball pythons
  A bat (D:3)
  4 endoplasms
  3 giant cockroaches
  11 hobgoblins
  3 quokkas
  4 frilled lizards (D:1)
  5 goblins
  2 kobolds
  6 rats
60 creatures vanquished.

Notes
Turn   | Place    | Note
-------+----------+-------------------------------------------
     0 | D:1      | quixfox the Minotaur Fighter began the quest for the Orb.
     0 | D:1      | Reached XP level 1. HP: 19/19 MP: 0/0
   321 | D:1      | Reached XP level 2. HP: 22/27 MP: 1/1
   887 | D:1      | Reached XP level 3. HP: 33/33 MP: 2/2
  1208 | D:2      | You fall into a shaft and drop 2 floors!
  1575 | D:3      | Noticed Grinder
  1582 | D:3      | Killed Grinder
  1583 | D:3      | Reached skill level 5 in Fighting
  1583 | D:3      | Reached skill level 5 in Axes
  1583 | D:3      | Reached skill level 5 in Armour
  1583 | D:3      | Reached XP level 4. HP: 28/42 MP: 3/3
  1583 | D:3      | Reached XP level 5. HP: 32/48 MP: 4/4
  2050 | D:3      | Found a white marble altar of Elyvilon.
  2054 | D:3      | Found a burning altar of Makhleb.
  2377 | D:2      | Reached XP level 6. HP: 56/56 MP: 5/5
  2572 | D:2      | Found a faded altar of an unknown god.
  2758 | D:4      | Slain by a gnoll sergeant

Illustrated notes

Levels and vault maps discovered:
D:1:      minmay_arrival_doors, layout_loops_ring
D:2:      layout_rooms, dreamdust_ecumenical_altar_angels_and_demons,
          serial_glass, glass_columns_b, glass_columns_a
D:3:      layout_loops_ring, minitemple, minmay_surrounded, uniq_grinder
D:4:      minmay_opposing_rooms, layout_rooms, general_overflow_altar,
          pf_guarded_unrand_woodcutter

Skill      XL: |  1  2  3 |
---------------+----------+-----
Axes           | 3 5 |  5.9
Fighting       | 4 5 |  5.2
Armour         | 4 5 |  5.3
Shields        | |  3.6

Action                   |  1- 3 |  4- 6 || total
-------------------------+-------+-------++-------
Melee: War axe           |    88 |    40 ||   128
       Headbutt          |     8 |     6 ||    14
Evoke: Wand              |       |     1 ||     1
  Use: Potion            |     1 |       ||     1
Armor: Scale mail        |    40 |    20 ||    60
Dodge: Dodged            |    38 |    18 ||    56
Block: Buckler           |    13 |     6 ||    19
